 Dungeon Crawl Stone Soup version 0.14.1-26-g5a19342 (webtiles) character file.

7183 Kae the Arsonist (level 11, -3/64 HPs)
             Began as a Tengu Fire Elementalist on July 21, 2014.
             Was an Elder of Vehumet.
             Shot with an arrow by a centaur (10 damage)
             ... on Level 9 of the Dungeon.
             The game lasted 00:34:13 (12875 turns).

Kae the Arsonist (Tengu Fire Elementalist)         Turns: 12875, Time: 00:34:14

HP  -3/64        AC  4     Str  8      XL: 11   Next:  6%
MP  27/27        EV 12     Int 19      God: Vehumet [****..]
Gold 333         SH  0     Dex 15      Spells:  6 memorised,  8 levels left

rFire  . . .     SeeInvis .     u - +1,+3 spear (slay drac)
rCold  . . .     Clarity  .     a - +0 robe
rNeg   . . .     Conserve .     (no shield)
rPois  .         rCorr    .     (helmet restricted)
rElec  .         rRot     .     p - +0 cloak (curse)
SustAb + .       Spirit   .     s - +0 pair of gloves
rMut   .         Warding  .     (boots unavailable)
Saprov . . .     Stasis   .     m - amulet of faith
MR     .....                    k - cursed ring of sustain abilities
                                e - ring of teleport control

@: very slightly contaminated, not resistant to hostile enchantments, fairly
stealthy
A: able to fly, beak, talons 3
a: Fly, Renounce Religion, Evoke Teleport Control


You were on level 9 of the Dungeon.
You worshipped Vehumet.
Vehumet was greatly pleased with you.
You were hungry.

You visited 2 branches of the dungeon, and saw 10 of its levels.

You collected 428 gold pieces.
You spent 95 gold pieces at shops.

Inventory:

Hand weapons
 u - a +1,+3 spear of dragon slaying (weapon)
Armour
 a - a +0 robe (worn)
 p - a cursed +0 cloak (worn)
 s - a +0 pair of gloves (worn)
Magical devices
 n - a wand of confusion (0)
 r - a wand of paralysis (21)
 v - a wand of fireball (0)
 w - a wand of frost (7)
 B - a wand of draining (3)
 H - a wand of polymorph (7)
 K - a wand of disintegration (2)
Comestibles
 c - 7 bread rations
 f - a meat ration
 i - a banana
 M - a slice of pizza
 O - a sausage
Scrolls
 o - a scroll of noise
 q - a scroll of teleportation
 y - 7 scrolls of remove curse
 A - 3 scrolls of enchant armour
 E - 2 scrolls of identify
 F - a scroll of fog
 G - 3 scrolls of enchant weapon II
Jewellery
 e - a ring of teleport control (left hand)
 k - a cursed ring of sustain abilities (right hand)
 m - an amulet of faith (around neck)
 z - a cursed ring of sustain abilities
Potions
 d - 4 potions of haste
 j - 6 potions of confusion {unknown}
 l - a potion of might {unknown}
 t - a potion of flight {unknown}
 x - a potion of lignification
 C - a potion of porridge
 D - a potion of curing
 L - 2 potions of degeneration {unknown}
Books
 b - a book of Flames

   Spells                             Type                      Level
   *Flame Tongue                      Conjuration/Fire             1
   *Throw Flame                       Conjuration/Fire             2
   *Conjure Flame                     Conjuration/Fire             3
   Inner Flame                        Hexes/Fire                   3
   *Sticky Flame                      Conjuration/Fire             4
   *Fireball                          Conjuration/Fire             5
 h - a book of Geomancy

   Spells                             Type                      Level
   Sandblast                          Earth                        1
   Stoneskin                          Transmutation/Earth          2
   Passwall                           Transmutation/Earth          3
   Stone Arrow                        Conjuration/Earth            3
   Petrify                            Transmutation/Earth          4
   Lee's Rapid Deconstruction         Earth                        5
Miscellaneous
 J - a stone of tremors


   Skills:
 + Level 5.4 Fighting
 - Level 2.1 Dodging
 - Level 2.0 Stealth
 + Level 7.0 Spellcasting
 + Level 11.4 Conjurations
 * Level 11.8 Fire Magic


You had 8 spell levels left.
You knew the following spells:

 Your Spells              Type           Power        Failure   Level  Hunger
a - Flame Tongue          Conj/Fire      #####        1%          1    None
b - Throw Flame           Conj/Fire      ######       1%          2    None
c - Conjure Flame         Conj/Fire      ######..     1%          3    ##.....
d - Sticky Flame          Conj/Fire      ######..     1%          4    ###....
e - Fireball              Conj/Fire      ######....   1%          5    #####..
f - Freeze                Ice            #...         3%          1    None


Dungeon Overview and Level Annotations

Branches:
Dungeon (9/15)             Temple (1/1) D:5             Orc (0/4) D:9
   Lair (0/8) D:9

Altars:
Ashenzari
Cheibriados
Dithmenos
Elyvilon
Fedhas
Kikubaaqudgha
Makhleb
Nemelex Xobeh
Sif Muna
Trog
Vehumet
Yredelemnul
The Shining One

Shops:
D:5 ?*   D:9 :!}


Innate Abilities, Weirdness & Mutations

You can fly.
You have a beak for a mouth.
You have claws for feet.


Message History

There is an open door here.
The bat barely misses you.
A centaur comes into view.
Read which item? (? for menu, Esc to quit)
Blink to where?
Press: ? - help, Dir - move target cursor, p - troll
As you read the scroll of blinking, it crumbles to dust.
You are very lightly contaminated with residual magic.
A centaur comes into view.
The centaur wields a bow.
The centaur shoots an arrow.
The arrow hits you!
You see here an arrow.
The centaur shoots an arrow.
The arrow hits you!
* * * LOW HITPOINT WARNING * * *
You see here an arrow.
The centaur shoots an arrow.
The arrow hits you!
* * * LOW HITPOINT WARNING * * *
You see here an arrow.
The centaur shoots an arrow.
The arrow misses you.
The centaur shoots an arrow.
The arrow hits you!
You die...

.######..# #.......<.........
.........# #............#####
########.#######............#
# #.[..................# #
#.#######c...........# # ...
#.# #..#######...# #
.......#.# #..# #...# #
.......#)# #..# #...# #
.......#.# #@.# #...# #
.......#.# #(.# #...# #
.......#)# #(.# #...# #
.......#.# #(.# #...# #
.......#.#######..# #...# #
.......#..........# #...# #
#T######.######...# #...#####
.ยง.......# #...# #........
.........#
#...#######........


You could see a centaur.

Vanquished Creatures
  Erolcha (D:8)
  An unseen horror (D:9)
  A queen ant (D:8)
  Grinder (D:6)
  The ghost of hurdos the Ruffian, an average TrTm (D:6)
  4 ugly things (D:7)
  Grum (D:7)
  Edmund (D:6)
  2 wolves (D:7)
  5 soldier ants (D:8)
  A swamp drake (D:9)
  4 orc warriors
  A sky beast (D:9)
  A black bear (D:9)
  2 ogres
  An ice beast (D:7)
  A big kobold (D:7)
  A crocodile (D:9)
  A manticore skeleton (D:9)
  A centaur (D:8)
  5 giant frogs
  Blork the orc (D:8)
  3 jellies
  2 scorpions
  3 wights (D:9)
  6 crimson imps
  3 goliath beetles
  2 orc priests (D:9)
  6 hounds
  A giant frog skeleton (D:7)
  4 orc wizards
  24 worker ants
  A killer bee zombie (D:8)
  An ogre skeleton (D:5)
  Terence (D:2)
  3 mummies
  10 adders
  10 gnolls
  A scorpion zombie (D:9)
  An inept feature mimic (D:4)
  4 worms
  2 giant mites
  An adder zombie (D:7)
  2 giant eyeballs
  9 giant geckos
  21 orcs
  A ball python (D:1)
  16 goblins
  14 hobgoblins
  5 jackals
  9 kobolds
  2 quokkas
  10 bats
  6 giant cockroaches
  5 giant newts
  A giant spore (D:9)
  A hobgoblin zombie (D:8)
  A kobold zombie (D:6)
  An orc skeleton (D:6)
  2 orc zombies
  12 rats
  5 ballistomycetes (D:9)
250 creatures vanquished.

Notes
Turn   | Place    | Note
--------------------------------------------------------------
     0 | D:1      | Kae, the Tengu Fire Elementalist, began the quest for the Orb.
     0 | D:1      | Reached XP level 1. HP: 10/10 MP: 3/3
   156 | D:1      | Reached XP level 2. HP: 4/15 MP: 0/5
   821 | D:1      | Reached XP level 3. HP: 16/19 MP: 4/7
   943 | D:2      | Reached skill level 4 in Fire Magic
  1376 | D:2      | Reached XP level 4. HP: 22/24 MP: 6/9
  1451 | D:2      | Noticed Terence
  1487 | D:1      | Learned a level 2 spell: Throw Flame
  1491 | D:1      | Learned a level 3 spell: Conjure Flame
  1644 | D:2      | Killed Terence
  2663 | D:3      | Reached XP level 5. HP: 28/28 MP: 1/11
  3070 | D:3      | Reached skill level 5 in Fire Magic
  3083 | D:3      | Reached XP level 6. HP: 22/32 MP: 0/14
  3249 | D:3      | Reached skill level 5 in Conjurations
  3814 | D:4      | Found Ynid's Book Shoppe.
  3965 | D:4      | Ynid's Book Shoppe was a mimic.
  4444 | D:5      | Entered Level 5 of the Dungeon
  4646 | D:5      | Reached skill level 6 in Conjurations
  4646 | D:5      | Reached XP level 7. HP: 18/36 MP: 17/17
  5107 | D:5      | Found a staircase to the Ecumenical Temple.
  5216 | D:5      | Found Xaypaell's General Store.
  5225 | D:5      | Bought a potion of heal wounds for 39 gold pieces
  5225 | D:5      | Bought a scroll of fog for 26 gold pieces
  5246 | D:5      | Found Zenneo Caani's Magic Scroll Boutique.
  5252 | D:5      | Bought a scroll of identify for 30 gold pieces
  5469 | D:6      | Noticed hurdos' ghost (average TrTm)
  5492 | D:6      | Noticed Grinder
  5530 | Temple   | Entered the Ecumenical Temple
  5611 | Temple   | Became a worshipper of Vehumet
  5726 | D:6      | Noticed Edmund
  5734 | D:6      | Killed Edmund
  6028 | D:6      | Reached skill level 7 in Conjurations
  6054 | D:6      | Killed Grinder
  6054 | D:6      | Reached XP level 8. HP: 26/41 MP: 3/20
  6198 | D:6      | Reached skill level 8 in Conjurations
  6404 | D:6      | Killed hurdos' ghost
  6755 | D:6      | Acquired Vehumet's first power
  6755 | D:6      | Offered knowledge of Freeze by Vehumet.
  6860 | D:6      | Learned a level 4 spell: Sticky Flame
  6866 | D:6      | Learned a level 5 spell: Fireball
  6868 | D:6      | Learned a level 1 spell: Freeze
  7048 | D:7      | Reached skill level 9 in Conjurations
  7425 | D:7      | Reached skill level 1 in Fighting
  7775 | D:8      | Noticed Blork the orc
  7809 | D:7      | Reached XP level 9. HP: 34/47 MP: 17/22
  7853 | D:7      | HP: 2/47 [acid (10)]
  7866 | D:7      | Offered knowledge of Searing Ray by Vehumet.
  8128 | D:8      | Noticed Grum
  8133 | D:7      | Reached skill level 5 in Spellcasting
  8237 | D:8      | Killed Blork the orc
  8820 | D:7      | Killed Grum
  8941 | D:8      | Offered knowledge of Dazzling Spray by Vehumet.
  9001 | D:8      | Noticed a queen ant
  9150 | D:7      | Reached skill level 10 in Conjurations
  9500 | D:8      | Noticed Erolcha
  9736 | D:8      | HP: 1/51 [Erolcha/wand of draining (16)]
  9752 | D:8      | Killed Erolcha
  9752 | D:8      | Reached skill level 10 in Fire Magic
  9752 | D:8      | Reached XP level 10. HP: 20/56 MP: 5/25
  9819 | D:8      | Acquired Vehumet's second power
 10674 | D:8      | Killed a queen ant
 10674 | D:8      | Offered knowledge of Fulminant Prism by Vehumet.
 10867 | D:8      | Reached skill level 11 in Fire Magic
 11298 | D:9      | Acquired Vehumet's third power
 11479 | D:9      | Offered knowledge of Venom Bolt by Vehumet.
 11735 | D:9      | Found Alarph's Gadget Emporium.
 11772 | D:9      | Found Ghaffil's Distillery.
 11824 | D:9      | Noticed an unseen horror
 11825 | D:9      | Killed an unseen horror
 11825 | D:9      | Reached skill level 5 in Fighting
 12454 | D:9      | Found a staircase to the Orcish Mines.
 12472 | D:9      | Reached XP level 11. HP: 58/64 MP: 17/27
 12761 | D:9      | Found a staircase to the Lair.
 12801 | D:9      | Found Acof's Book Shoppe.
 12875 | D:9      | Shot with an arrow by a centaur

Action                   |  1- 3 |  4- 6 |  7- 9 | 10-12 || total
-------------------------+-------+-------+-------+-------++-------
Melee: Unarmed           |    57 |    19 |       |       ||    76
       Spear             |       |    98 |    72 |    76 ||   246
 Cast: Flame Tongue      |    40 |    83 |   148 |   137 ||   408
       Conjure Flame     |       |     7 |     6 |     5 ||    18
       Throw Flame       |       |     5 |    41 |    66 ||   112
       Freeze            |       |       |     7 |    15 ||    22
       Sticky Flame      |       |       |    23 |    11 ||    34
       Fireball          |       |       |     1 |     1 ||     2
Evoke: Wand              |       |     8 |     7 |       ||    15
  Use: Scroll            |       |    11 |     8 |     4 ||    23
       Potion            |       |       |     9 |     2 ||    11
 Stab: Sleeping          |     1 |     5 |     2 |     1 ||     9
